 Dungeon Crawl Stone Soup version 0.24-a0-284-g9fb9971df1 (webtiles) character file.

Game seed: 17122302624236874726

76 HAL9000 the Sneak (level 4, -7/23 HPs)
             Began as a Vine Stalker Assassin on May 4, 2019.
             Mangled by a gnoll
             ... wielding a +0 halberd
              (11 damage)
             ... on level 2 of the Dungeon.
             The game lasted 00:02:03 (1796 turns).

HAL9000 the Sneak (Vine Stalker Assassin)           Turns: 1796, Time: 00:02:04

Health: -7/23      AC:  3    Str: 14    XL:     4   Next: 32%
Magic:  0/5        EV: 11    Int: 11    God:
Gold:   121        SH:  0    Dex: 16    Spells: 3/3 levels left

rFire    . . .     SeeInvis .   a - +2 dagger
rCold    . . .     Gourm    .   (no shield)
rNeg     . . .     Faith    .   c - +0 robe
rPois    .         Spirit   +   (no helmet)
rElec    .         Reflect  .   d - +0 cloak
rCorr    .         Harm     .   (no gloves)
MR       .....                  (no boots)
Stlth    +++.......             (no amulet)
HPRegen  0.47/turn              (no ring)
MPRegen  0.09/turn              (no ring)

@: no status effects
A: fangs 2, regeneration 1, magic shield, antimagic bite, no potion heal 3, rot
immunity
a: no special abilities


You were on level 2 of the Dungeon.
You were not hungry.

You visited 1 branch of the dungeon, and saw 2 of its levels.

You collected 121 gold pieces.

Inventory:

Hand Weapons
 a - a +2 dagger (weapon)
 b - a +0 blowgun
Missiles
 e - 17 poisoned needles
 f - 2 curare-tipped needles
 k - 3 tomahawks (quivered)
Armour
 c - a +0 robe (worn)
 d - a +0 cloak (worn)
Scrolls
 i - 3 scrolls of remove curse {unknown}
 o - a scroll of identify {unknown}
Potions
 h - 2 potions of resistance {unknown}
 j - a potion of agility {unknown}
 l - a potion of brilliance {unknown}
 m - a potion of heal wounds {unknown}
Comestibles
 g - 3 rations
 n - 3 chunks of flesh


   Skills:
 - Level 1.7 Fighting
 + Level 2.4 Short Blades
 - Level 1.7 Throwing
 - Level 0.7 Dodging
 + Level 6.7 Stealth


You had 3 spell levels left.
You didn't know any spells.
Your spell library was empty.

Dungeon Overview and Level Annotations

Branches:
Dungeon (2/15)

Altars:


Innate Abilities, Weirdness & Mutations

You have extremely sharp teeth.
Your natural rate of healing is unusually fast.
When hurt, damage is shared between your health and your magic reserves.
Your bite disrupts and absorbs the magic of your enemies.
Potions cannot restore your health.
You are immune to rotting.


Message History

Things that are here:
a +0 dagger; a goblin skeleton
There is an escape hatch in the floor here.
i - 3 scrolls labeled FEWAEKK QIRE (gained 1) Eating one of 4 chunks of flesh.
You eat one of the 4 chunks of flesh.
This raw flesh tastes terrible.
The gnoll is too close now for your liking.
A gnoll is nearby!
The gnoll shouts!
You hear a shout!
A goblin comes into view. It is wielding a +0 dagger.
The gnoll hits you from afar with a +0 halberd!
The gnoll closely misses you.
You closely miss the gnoll. You bite the gnoll, but do no damage.
The gnoll hits you with a +0 halberd!
Ouch! That really hurt!
* * * LOW HITPOINT WARNING * * *
You are too injured to fight recklessly!
Unknown command.
The gnoll hits you from afar with a +0 halberd!
You die...

#........)....# #.#
#.###########.# #.# #.# #.####
#.# #.# #....#####.#####
####.###########..#.#.........#
....................>...>†....###
...#.......#...........).........
##<#.#####.#............#.###.###
##.#.# #.#....@.......#.###.###
...#.# #.'.....................
.....# #.#...g....#...#.###.###
.....# #........#...#..##.#
.....# #........#..##..##.###
.....# #......g.#..##........
.....# #........#.........###
...#.## #........#..###.##.###
...#..# #........#..###.##.#.#


You could see a gnoll and a goblin.

Vanquished Creatures
  3 gnolls (D:2)
  An adder (D:2)
  A worm (D:2)
  2 dart slugs (D:1)
  5 bats
  5 goblins
  2 hobgoblins (D:1)
  4 jackals (D:1)
  A quokka (D:2)
  2 frilled lizards
  2 kobolds
  5 rats
33 creatures vanquished.

Notes
Turn   | Place    | Note
-------+----------+-------------------------------------------
     0 | D:1      | HAL9000 the Vine Stalker Assassin began the quest for the
                  | Orb.
     0 | D:1      | Reached XP level 1. HP: 11/11 MP: 2/2
    24 | D:1      | Reached skill level 5 in Stealth
   408 | D:1      | Reached XP level 2. HP: 12/15 MP: 3/3
   664 | D:1      | Reached XP level 3. HP: 13/18 MP: 4/4
  1112 | D:2      | Reached skill level 6 in Stealth
  1449 | D:2      | Gained mutation: Your natural rate of healing is unusually
                  | fast. [Vine Stalker growth]
  1449 | D:2      | Reached XP level 4. HP: 14/23 MP: 3/5
  1796 | D:2      | Mangled by a gnoll

Levels and vault maps discovered:
D:1:      sevenhm_arrival_forest_fort_large_4, layout_rooms
D:2:      layout_basic, minivault_19

Skill      XL: |  1  2  3 |
---------------+----------+-----
Stealth        | 5 6 |  6.7
Short Blades   | 2 |  2.4
Fighting       | |  1.7
Throwing       | |  1.7
Dodging        | |  0.7

Action                   |  1- 3 |  4- 6 || total
-------------------------+-------+-------++-------
Melee: Dagger            |    62 |    10 ||    72
       Bite              |    10 |     3 ||    13
 Fire: Blowgun           |     6 |       ||     6
 Stab: Sleeping          |     9 |     1 ||    10
  Eat: Chunk             |       |     3 ||     3
Armor: Robe              |    15 |     2 ||    17
Dodge: Dodged            |    29 |     4 ||    33

Table legend:
 A = Non-vault XP
 B = Vault XP
 C = Vault XP percentage of total XP
 D = Non-vault monster count
 E = Vault monster count
 F = Vault count percentage of total count
                 A         B        C        D         E       F
            +---------+---------+-------+---------+---------+-------
      Total |     109 |       0 |   0.0 |      33 |       0 |   0.0
            +---------+---------+-------+---------+---------+-------
        D:1 |      36 |       0 |   0.0 |      20 |       0 |   0.0
        D:2 |      73 |       0 |   0.0 |      13 |       0 |   0.0
            +---------+---------+-------+---------+---------+-------
